 Dungeon Crawl Stone Soup version 0.23-a0-629-gae4348f (webtiles) character file.

331 Lanoc the Gusty (level 6, -1/41 HPs)
             Began as a Demonspawn Air Elementalist on Dec 26, 2018.
             Was a Believer of Kikubaaqudgha.
             Killed by nerve-wracking pain
             ... invoked by an orc priest
              (12 damage)
             ... on level 4 of the Dungeon.
             The game lasted 00:13:27 (3825 turns).

Lanoc the Gusty (Demonspawn Air Elementalist)       Turns: 3825, Time: 00:13:28

Health: -1/41      AC:  2    Str:  8    XL:     6   Next: 26%
Magic:  9/10       EV: 13    Int: 19    God:    Kikubaaqudgha [**....]
Gold:   150        SH:  4    Dex: 13    Spells: 7/11 levels left

rFire    . . .     SeeInvis .   (no weapon)
rCold    . . .     Gourm    .   (no shield)
rNeg     . . .     Faith    .   d - +0 robe
rPois    .         Spirit   .   (no helmet)
rElec    .         Reflect  .   (no cloak)
rCorr    .         Harm     .   (no gloves)
MR       .....                  (no boots)
Stlth    ++........             (no amulet)
HPRegen  0.13/turn              e - +1 ring of slaying
MPRegen  0.12/turn              (no ring)

@: very slightly contaminated
A: hooves 2, large bone plates 1, powered by pain 1
a: Receive Corpses, Renounce Religion


You were on level 4 of the Dungeon.
You worshipped Kikubaaqudgha.
Kikubaaqudgha was pleased with you.
You were not hungry.

You visited 1 branch of the dungeon, and saw 4 of its levels.

You collected 150 gold pieces.

Inventory:

Armour
 d - a +0 robe (worn)
 r - the +1 ring mail of Beogh {rCorr Dex+2 Stlth+}
   (You found it on level 4 of the Dungeon)

   It affects your dexterity (+2).
   It provides partial protection from all sources of acid and corrosion.
   It makes you more stealthy.
Jewellery
 e - a +1 ring of slaying (left hand)
 j - a cursed amulet of inaccuracy {unknown}
Scrolls
 a - 4 scrolls of teleportation
 b - a scroll of immolation {unknown}
 f - 3 scrolls of remove curse
 h - a scroll of enchant armour {unknown}
 l - 2 scrolls of identify {unknown}
 n - a scroll of magic mapping {unknown}
 o - a scroll of fear {unknown}
Potions
 i - a potion of lignification {unknown}
 k - a potion of flight {unknown}
 p - a potion of resistance {unknown}
 q - a potion of mutation {unknown}
Comestibles
 c - 8 rations
 g - 2 chunks of flesh


   Skills:
 + Level 3.1 Dodging
 - Level 1.7 Stealth
 + Level 3.2 Spellcasting
 - Level 2.8 Conjurations
 * Level 2.9 Necromancy
 + Level 3.6 Air Magic


You had 7 spell levels left.
You knew the following spells:

 Your Spells              Type           Power        Failure   Level  Hunger
a - Shock                 Conj/Air       ###.         3%          1    None
b - Sublimation of Blood  Necr           ##........   7%          2    ##.....
c - Pain                  Necr           ##..         4%          1    None

Your spell library contained the following spells:

 Spells                   Type           Power        Failure   Level  Hunger
 Animate Skeleton         Necr           N/A          4%          1    None
 Swiftness                Chrm/Air       ##......     11%         2    ##.....
 Static Discharge         Conj/Air       ###.....     12%         3    ###....
 Regeneration             Chrm/Necr      #.........   24%         3    ###....
 Airstrike                Air            ###.......   32%         4    ####...
 Lightning Bolt           Conj/Air       ###.......   71%         5    ######.


Dungeon Overview and Level Annotations

Branches:
Dungeon (4/15)
 Temple: D:4-7

Altars:
Kikubaaqudgha
Yredelemnul


Innate Abilities, Weirdness & Mutations

You have hoof-like feet.
You are partially covered in large bone plates. (SH +4)
You sometimes gain a little power by taking damage.


Message History

Aiming: Shock (safe; 3% risk of failure)
Press: ? - help, Shift-Dir - straight line The zap misses the orc priest.
The zap hits the orc priest.
The orc priest is moderately wounded.
The orc priest mumbles some strange prayers to Beogh against you.
Beogh smites you!
* * * LOW HITPOINT WARNING * * *
You focus on the pain.
You feel your power returning.
Casting: Shock (safe; 3% risk of failure)
Confirm with . or Enter, or press ? or * to list all spells.
Aiming: Shock (safe; 3% risk of failure)
Press: ? - help, Shift-Dir - straight line The zap hits the orc priest.
The orc priest is severely wounded.
The zap hits the orc priest.
The orc priest appears unharmed.
The orc priest is severely wounded.
The orc priest mumbles some strange prayers to Beogh against you.
Pain shoots through your body!
You die...
Kikubaaqudgha rasps: "You have failed me!
Welcome... death!"

########...###.#.#####.#
.......'...'...........#
########...###.#.#####.##
#...# #.#.# #..#
#...###.#.# ##..##
###...#.#.. .#...#
###...'.#[###.#.#.#
#.....###..........
##@##.#....#..#.#.# #
#.##.#.#..#.##.#..
#####.##o##...#..#.##.##.
...............<.........
#####(#.#.##.....#...###.
# #.#.##.....#.#.# #.
#.#.###......#.# ## #.#.#
########.# # #.#.#
######.# #


You could see an orc priest.

Vanquished Creatures
  3 orc wizards (D:4)
  4 worker ants (D:4)
  9 adders
  3 worms
  2 dart slugs
  3 leopard geckos (D:1)
  An orc (D:3)
  6 bats
  6 giant cockroaches
  7 hobgoblins
  A quokka (D:3)
  12 frilled lizards
  8 goblins
  2 kobolds
  6 rats
  A spectral orc (D:4)
74 creatures vanquished.

Notes
Turn   | Place    | Note
-------+----------+-------------------------------------------
     0 | D:1      | Lanoc the Demonspawn Air Elementalist began the quest for
                  | the Orb.
     0 | D:1      | Reached XP level 1. HP: 13/13 MP: 3/3
   349 | D:1      | Gained mutation: You are partially covered in large bone
                  | plates. (SH +4) [demonic ancestry]
   349 | D:1      | Reached XP level 2. HP: 16/19 MP: 3/5
   986 | D:2      | Gained mutation: You have large cloven feet. [demonic
                  | ancestry]
   986 | D:2      | Reached XP level 3. HP: 24/24 MP: 3/6
  1021 | D:2      | Found a faded altar of an unknown god.
  1101 | D:2      | Became a worshipper of Kikubaaqudgha
  1101 | D:2      | Reached * piety under Kikubaaqudgha
  1101 | D:2      | Identified Kikubaaqudgha's Compendium of Evil Magic
                  | (Kikubaaqudgha gifted it to you on level 2 of the Dungeon)
  1101 | D:2      | Received a gift from Kikubaaqudgha
  1123 | D:2      | Learned a level 2 spell: Sublimation of Blood
  1125 | D:2      | Learned a level 1 spell: Pain
  1275 | D:2      | Gained mutation: You have hoof-like feet. [demonic
                  | ancestry]
  1275 | D:2      | Reached XP level 4. HP: 30/30 MP: 4/7
  2008 | D:3      | Reached skill level 1 in Necromancy
  2216 | D:3      | Gained mutation: You sometimes gain a little power by
                  | taking damage. [demonic ancestry]
  2216 | D:3      | Reached XP level 5. HP: 33/35 MP: 2/9
  2476 | D:3      | Found an ancient bone altar of Kikubaaqudgha.
  2933 | D:4      | Reached ** piety under Kikubaaqudgha
  3020 | D:4      | Got a dazzling ring mail
  3031 | D:4      | Identified the +1 ring mail of Beogh {rCorr Dex+2 Stlth+}
                  | (You found it on level 4 of the Dungeon)
  3512 | D:4      | Found a basalt altar of Yredelemnul.
  3704 | D:4      | Reached XP level 6. HP: 18/41 MP: 5/10
  3825 | D:4      | Killed from afar by an orc priest

Vault maps used:
D:1:      ebering_trefoil_twist, minmay_lizard_king
D:2:      chequers_ecumenical_altar_simple_redux
D:3:      lemuel_crystal_altar, serial_rivers, chequers_serial_rivers_micro_c,
          chequers_serial_rivers_small_3, chequers_serial_rivers_large_a,
          chequers_serial_rivers_small_b, chequers_serial_rivers_micro_c,
          chequers_serial_rivers_micro_c
D:4:      yredelemnul_forgotten_temple_becter, minmay_temple_entry_wispy

Skill      XL: |  1  2  3  4  5 |
---------------+----------------+-----
Dodging        | 2 3 |  3.1
Conjurations   | 2 |  2.8
Air Magic      | 3 |  3.6
Necromancy     | 1 2 |  2.9
Spellcasting   | 3 |  3.2
Stealth        | |  1.7

Action                   |  1- 3 |  4- 6 || total
-------------------------+-------+-------++-------
Melee: Unarmed           |    45 |    14 ||    59
       Kick              |       |     2 ||     2
 Cast: Shock             |    68 |   109 ||   177
       Pain              |       |     7 ||     7
       Sublimation of Bl |       |     1 ||     1
  Use: Potion            |     3 |     2 ||     5
       Scroll            |       |     3 ||     3
  Eat: Chunk             |     2 |     8 ||    10
Armor: Robe              |    11 |     6 ||    17
Dodge: Dodged            |    56 |    33 ||    89
Block: Other             |     6 |     7 ||    13

Table legend:
 A = Non-vault XP
 B = Vault XP
 C = Vault XP percentage of total XP
 D = Non-vault monster count
 E = Vault monster count
 F = Vault count percentage of total count
                 A         B        C        D         E       F
            +---------+---------+-------+---------+---------+-------
      Total |     461 |      12 |   2.5 |      64 |      10 |  13.5
            +---------+---------+-------+---------+---------+-------
        D:1 |      28 |      11 |  28.2 |      15 |       9 |  37.5
        D:2 |      98 |       0 |   0.0 |      23 |       0 |   0.0
        D:3 |      80 |       0 |   0.0 |      17 |       0 |   0.0
        D:4 |     255 |       1 |   0.4 |       9 |       1 |  10.0
            +---------+---------+-------+---------+---------+-------
